 Dungeon Crawl Stone Soup version 0.27.1 (webtiles) character file.

Game seed: 7187111986617485740

12 infcreate the Shield-Bearer (level 2, 14/19 HPs)
             Began as a Gargoyle Fighter on Aug 23, 2021.
             Quit the game on level 1 of the Dungeon.
             The game lasted 00:01:05 (224 turns).

infcreate the Shield-Bearer (Gargoyle Fighter)       Turns: 224, Time: 00:01:06

Health: 14/19      AC:  9    Str: 19    XL:     2   Next: 33%
Magic:  2/2        EV:  7    Int:  8    God:
Gold:   19         SH:  9    Dex:  9    Spells: 1/1 levels left

rFire    . . .     SeeInvis .   a - +0 flail
rCold    . . .     Faith    .   c - +0 kite shield
rNeg     + . .     Spirit   .   b - +0 scale mail
rPois    ∞         Reflect  .   (no helmet)
rElec    +         Harm     .   (no cloak)
rCorr    .         Rampage  .   (no gloves)
Will     .....                  (no boots)
Stlth    ..........             (no amulet)
HPRegen  0.06/turn              (no ring)
MPRegen  0.08/turn              (no ring)

@: no status effects
A: sickness immunity, AC +2, negative energy resistance 1, electricity
resistance, torment resistance 1, petrification resistance
a: no special abilities


You were on level 1 of the Dungeon.
You visited 1 branch of the dungeon, and saw 1 of its levels.

You collected 19 gold pieces.


Innate Abilities, Weirdness & Mutations

You are immune to sickness and miasma.
Your stone body is resilient. (AC +2)
You are immune to poison.
You resist negative energy. (rN+)
You are resistant to electric shocks. (rElec)
You are resistant to unholy torment.
You are immune to petrification.


   Skills:
 + Level 3.4 Fighting
 + Level 2.2 Maces & Flails
 + Level 3.5 Armour
 + Level 3.5 Shields


You had one spell level left.
You didn't know any spells.
Your spell library was empty.

Inventory:

Hand Weapons
 a - a +0 flail (weapon)
Armour
 b - a +0 scale mail (worn)
 c - a +0 kite shield (worn)
Scrolls
 f - a scroll of torment {unknown}
 g - a scroll of identify {unknown}
Potions
 d - a potion of might
 e - a potion of flight {unknown}

Dungeon Overview and Level Annotations

Branches:
Dungeon (1/15)

Altars:

###........≈.≈.
...[..≈≈..≈≈≈P≈
.###
###..♣P≈P≈≈≈≈≈≈
...#
#...♣≈P≈♣≈≈≈≈
...
+....♣♣♣♣♣♣♣♣
#.##....#
#####...#(.##
#.).###.##.##
#.#@....##..#
#.#########.#
#r..# #.#
#.#.K.# #.#
B...#.# #.#
###### .⌠. # ..
..# #.....
P.⌠.. .. ..#
#.♣..< #.≈.. .
..# #.....
#.≈... ####..


There were no monsters in sight!


Message History

A rat comes into view.
There are monsters nearby!
A giant cockroach comes into view.
You start waiting.
A rat is nearby!
You sock the rat!
You kill the rat!
You barely miss the kobold. You block the kobold's attack.
The kobold hits you with a +0 club.
Your shield and scale mail prevent you from hitting the kobold.
You block the kobold's attack.
You barely miss the kobold. The kobold hits you but does no damage.
The giant cockroach waves its antennae.
The kobold hits you with a +0 club.
You hit the kobold.
You kill the kobold!
The giant cockroach barely misses you.
You closely miss the giant cockroach. You block the giant cockroach's attack.
The giant cockroach bites you.
You closely miss the giant cockroach. You block the giant cockroach's attack.
The giant cockroach bites you but does no damage.
You closely miss the giant cockroach. The giant cockroach closely misses you.
You barely miss the giant cockroach.
The giant cockroach completely misses you.
The giant cockroach barely misses you.
You sock the giant cockroach!
You kill the giant cockroach!
No target in view!
No target in view!
Are you sure you want to abandon this character and quit the game? (Confirm with "yes".)

Action                   || total
-------------------------++-------
Melee: Flail             ||    38
Armor: Scale mail        ||    12
Dodge: Dodged            ||    17
Block: Kite shield       ||    15

Levels and vault maps discovered:
D:1:      minmay_arrival_hallway, layout_basic,
          shapermc_ecumenical_altar_acropolis, serial_bayou,
          serial_bayou_pond_d, serial_bayou_lagoon_b, serial_bayou_shore_a,
          serial_bayou_ford_a

Notes
Turn   | Place    | Note
-------+----------+-------------------------------------------
     0 | D:1      | infcreate the Gargoyle Fighter began the quest for the Orb.
     0 | D:1      | Reached XP level 1. HP: 14/14 MP: 1/1
   177 | D:1      | Reached XP level 2. HP: 19/19 MP: 2/2
   224 | D:1      | Quit the game

Vanquished Creatures
  A dart slug (D:1)
  3 giant cockroaches (D:1)
  A ball python (D:1)
  A bat (D:1)
  2 goblins (D:1)
  A kobold (D:1)
  2 rats (D:1)
11 creatures vanquished.

Vanquished Creatures (others)
  2 plants (D:1)
2 creatures vanquished.

Grand Total: 13 creatures vanquished

Table legend: (Time is in decaauts)
 A = Elapsed time spent in this place.
 B = Non-inter-level travel time spent in this place.
 C = Inter-level travel time spent in this place.
 D = Time resting spent in this place.
 E = Time spent auto-exploring this place.
 F = Levels seen in this place.
 G = Mean time per level.
                   A        B        C        D        E       F      G
               +--------+--------+--------+--------+--------+-----+--------+
         Total |    245 |    245 |      0 |      3 |    146 |   1 |  245.0 |
       Dungeon |    245 |    245 |      0 |      3 |    146 |   1 |  245.0 |
               +--------+--------+--------+--------+--------+-----+--------+

Top non-repeatable levels by time:
     D:1: 245 daAuts

Table legend:
 A = Non-vault XP
 B = Vault XP
 C = Vault XP percentage of total XP
 D = Non-vault monster count
 E = Vault monster count
 F = Vault count percentage of total count
                 A         B        C        D         E       F
            +---------+---------+-------+---------+---------+-------
      Total |      18 |       0 |   0.0 |      11 |       0 |   0.0
            +---------+---------+-------+---------+---------+-------
        D:1 |      18 |       0 |   0.0 |      11 |       0 |   0.0
            +---------+---------+-------+---------+---------+-------
